 Dungeon Crawl Stone Soup version 0.23.2-33-g5129a83184 (webtiles) character file.

Game seed: 15000465754355458756

1262 Descartes the Shield-Bearer (level 8, -3/62 HPs)
             Began as a Formicid Fighter on July 14, 2019.
             Slain by a two-headed ogre
             ... wielding a +0 dire flail
              (4 damage)
             ... on level 5 of the Dungeon.
             The game lasted 00:14:55 (5638 turns).

Descartes the Shield-Bearer (Formicid Fighter)      Turns: 5638, Time: 00:14:55

Health: -3/62      AC: 11    Str: 26      XL:     8   Next: 81%
Magic:  11/11      EV: 10    Int:  8      God:
Gold:   224        SH: 11    Dex: 11 (12) Spells: 11/12 levels left

rFire    . . .     SeeInvis +   a - +0 long sword
rCold    . . .     Gourm    .   c - +0 shield
rNeg     . . .     Faith    .   v - +0 chain mail
rPois    .         Spirit   .   (helmet unavailable)
rElec    .         Reflect  .   (no cloak)
rCorr    +         Harm     .   i - +0 pair of gloves
MR       .....                  (no boots)
Stlth    ..........             (no amulet)
HPRegen  0.20/turn              t - ring of resist corrosion
MPRegen  0.12/turn              r - +1 ring of evasion

@: mighty
A: permanent stasis, dig shafts and tunnels, four strong arms, antennae 3
a: Dig, Shaft Self


You were on level 5 of the Dungeon.
You were not hungry.

You visited 2 branches of the dungeon, and saw 6 of its levels.

You collected 224 gold pieces.

Inventory:

Hand Weapons
 a - a +0 long sword (weapon)
 p - a +0 war axe
 x - a +1 whip of flaming
 y - a +0 hand crossbow
Missiles
 g - 14 poisoned needles
Armour
 c - a +0 shield (worn)
 i - a +0 pair of gloves (worn)
 v - a +0 chain mail (worn)
Jewellery
 m - an uncursed ring of flight
 r - a +1 ring of evasion (right hand)
 t - a ring of resist corrosion (left hand)
Wands
 b - a wand of iceblast (15)
Scrolls
 e - 4 scrolls of remove curse
 j - 2 scrolls of immolation
 s - a scroll of blinking {unknown}
 B - a scroll of identify
Potions
 h - a potion of heal wounds
 k - 2 potions of curing
 n - a potion of cancellation {unknown}
 o - a potion of berserk rage {unknown}
 q - a potion of agility {unknown}
 u - a potion of lignification {unknown}
 w - a potion of resistance {unknown}
 z - a potion of brilliance {unknown}
 A - a potion of mutation {unknown}
Comestibles
 f - 8 rations
 l - 2 chunks of flesh


   Skills:
 + Level 5.2 Fighting
 - Level 2.0 Long Blades
 - Level 0.8 Maces & Flails
 + Level 5.1 Armour
 + Level 3.1 Dodging
 + Level 4.5 Stealth
 * Level 7.4 Shields
 + Level 2.6 Spellcasting
 + Level 1.1 Conjurations
 + Level 1.3 Evocations


You had 11 spell levels left.
You knew the following spells:

 Your Spells              Type           Power        Failure   Level  Hunger
a - Magic Dart            Conj           #...         87%         1    ##.....

Your spell library contained the following spells:

 Spells                   Type           Power        Failure   Level  Hunger


Dungeon Overview and Level Annotations

Branches:
Dungeon (5/15)             Temple (1/1) D:4

Altars:
Ashenzari
Dithmenos
Gozag
Hepliaklqana
Kikubaaqudgha
Makhleb
Okawaru
Qazlal
Ru
Sif Muna
Vehumet
Xom
Zin
The Shining One

Shops:
D:4 }


Innate Abilities, Weirdness & Mutations

You cannot be hasted, slowed, berserked, paralysed or teleported.
You can dig through walls and to a lower floor.
Your four strong arms can wield two-handed weapons with a shield.
You have a pair of large antennae on your head. (SInv)


Message History

You hit the two-headed ogre.
The two-headed ogre is lightly wounded.
You block the two-headed ogre's attack. x2
The two-headed ogre closely misses you.
The two-headed ogre hits you with a +0 giant club!
You hit the two-headed ogre.
The two-headed ogre is lightly wounded.
You block the two-headed ogre's attack.
The two-headed ogre hits you but does no damage.
You completely miss the two-headed ogre.
The two-headed ogre is lightly wounded.
You block the two-headed ogre's attack.
The two-headed ogre hits you with a +0 giant club!
* * * LOW HITPOINT WARNING * * *
You hit the two-headed ogre.
The two-headed ogre is moderately wounded.
The two-headed ogre hits you with a +0 dire flail!
* * * LOW HITPOINT WARNING * * *
The two-headed ogre hits you with a +0 giant club.
You die...

... .... ###.....#
.>. #.. #8.....# .##
#.. #.##.....# ...#
#..###......8#
###..###...#......###
#.....##(.#......## .
#.....##.....##8##
... #.....##.##O#####
... #.....##.##@#
..####.....##.##.#
..........###.##.#
.##†....#.....<..#
....###...#.#.####
....####.##.#.#
.........##.#.#
....####.##.#.#
............#.. ..#


You could see a two-headed ogre.

Vanquished Creatures
  Pikel (D:4)
  3 slaves (D:4)
  2 ogres
  2 scorpions (D:5)
  A bullfrog zombie (D:3)
  2 crimson imps (D:5)
  A quasit (D:4)
  A hound (D:5)
  Ijyb (D:4)
  An iguana (D:4)
  3 orc wizards
  A worker ant (D:4)
  A hound zombie (D:5)
  Robin (D:2)
  10 adders
  An ooze (D:2)
  An adder zombie (D:5)
  4 worms
  3 leopard geckos (D:1)
  7 orcs
  2 giant cockroaches
  15 goblins
  11 hobgoblins
  2 jackals (D:1)
  11 kobolds
  5 quokkas
  3 ball pythons
  7 bats
  8 frilled lizards
  A quokka skeleton (D:5)
  7 rats
119 creatures vanquished.

Notes
Turn   | Place    | Note
-------+----------+-------------------------------------------
     0 | D:1      | Descartes the Formicid Fighter began the quest for the Orb.
     0 | D:1      | Reached XP level 1. HP: 18/18 MP: 1/1
   101 | D:1      | Reached XP level 2. HP: 22/24 MP: 2/2
   111 | D:1      | Reached skill level 4 in Shields
   286 | D:1      | Reached skill level 1 in Stealth
   286 | D:1      | Reached XP level 3. HP: 23/29 MP: 3/3
   781 | D:2      | Reached skill level 1 in Dodging
   805 | D:2      | Reached XP level 4. HP: 29/35 MP: 4/4
  1033 | D:2      | Reached XP level 5. HP: 42/42 MP: 5/5
  1065 | D:2      | Noticed Robin
  1124 | D:2      | Killed Robin
  1125 | D:2      | Reached skill level 5 in Shields
  1278 | D:2      | Found a shimmering altar of Xom.
  1537 | D:3      | Found a faded altar of an unknown god.
  1808 | D:3      | Reached XP level 6. HP: 35/48 MP: 6/6
  2642 | D:4      | Found a staircase to the Ecumenical Temple.
  2656 | Temple   | Entered the Ecumenical Temple
  2923 | D:4      | Noticed a slave
  2926 | D:4      | Noticed Pikel
  2927 | D:4      | Noticed a slave
  2928 | D:4      | Noticed a slave
  2978 | D:4      | Killed a slave
  3012 | D:4      | Killed a slave
  3030 | D:4      | Killed a slave
  3359 | D:4      | Noticed a slave
  3427 | D:4      | Killed Pikel
  3427 | D:4      | Reached skill level 6 in Shields
  3427 | D:4      | Reached skill level 1 in Spellcasting
  3427 | D:4      | Reached XP level 7. HP: 23/55 MP: 6/9
  3427 | D:4      | Reached XP level 8. HP: 26/61 MP: 6/10
  4302 | D:4      | Found Bionani's Gadget Shoppe.
  4305 | D:4      | Noticed Ijyb
  4316 | D:4      | Killed Ijyb
  4378 | D:4      | Found a shadowy altar of Dithmenos.
  4519 | D:4      | Found a deep blue altar of Sif Muna.
  4520 | D:4      | Found an ancient bone altar of Kikubaaqudgha.
  4520 | D:4      | Found a radiant altar of Vehumet.
  4531 | D:4      | Identified Vehumet's Volume of Combat Magic
  4535 | D:4      | Learned a level 1 spell: Magic Dart
  4615 | D:5      | Entered Level 5 of the Dungeon
  4899 | D:5      | Reached skill level 5 in Fighting
  4911 | D:5      | Reached skill level 7 in Shields
  5088 | D:5      | Reached skill level 5 in Armour
  5333 | D:5      | Reached skill level 1 in Evocations
  5545 | D:5      | Reached skill level 1 in Conjurations
  5620 | D:5      | Noticed a two-headed ogre
  5638 | D:5      | HP: 1/62 [two-headed ogre/+0 dire flail (14)]
  5638 | D:5      | Slain by a two-headed ogre

Skill      XL: |  1  2  3  4  5  6  7  8 |
---------------+-------------------------+-----
Shields        | 4 5 6 7 |  7.4
Stealth        | 1 2 3 4 |  4.5
Dodging        | 1 2 3 |  3.1
Armour         | 4 5 |  5.1
Fighting       | 4 5 |  5.2
Spellcasting   | 1 2 |  2.6
Evocations     | 1 |  1.3
Conjurations   | 1 |  1.1
Long Blades    | |  2.0
Maces & Flails | |  0.8

Action                   |  1- 3 |  4- 6 |  7- 9 || total
-------------------------+-------+-------+-------++-------
Melee: Long sword        |   117 |   296 |    92 ||   505
       Whip              |       |       |   197 ||   197
 Abil: Dig               |       |     3 |     1 ||     4
  Use: Scroll            |       |       |     6 ||     6
       Potion            |       |       |     1 ||     1
  Eat: Chunk             |       |     9 |     5 ||    14
       Ration            |       |       |     1 ||     1
Armor: Scale mail        |    50 |    67 |       ||   117
       Chain mail        |       |    43 |   124 ||   167
Dodge: Dodged            |    45 |    88 |    76 ||   209
Block: Shield            |    76 |   166 |   163 ||   405
       Rpst.: Long sword |    13 |    26 |     6 ||    45
